 Dungeon Crawl Stone Soup version 0.30.1 (webtiles) character file.

Game seed: 6240975836228580341

858 boopmooplesden the Slasher (level 7, -10/61 HPs)
             Began as a Yellow Draconian Berserker on July 5, 2023.
             Was a Priest of Trog.
             Mangled by an orc warrior
             ... wielding a +0 glaive
              (15 damage)
             ... on level 7 of the Dungeon.
             The game lasted 00:05:29 (2397 turns).

boopmooplesden the Slasher (DrBe)                   Turns: 2397, Time: 00:05:30

Health: -10/61     AC:  6    Str: 21    XL:     7   Next: 71%
Magic:  7/7        EV: 13    Int:  8    God:    Trog [***...]
Gold:   174        SH:  3    Dex: 13    Spells: 6/6 levels left

rFire   . . .        a - +1 falchion
rCold   . . .        f - +0 buckler of Wisdom {rElec Dex+3}
rNeg    . . .        (body armour unavailable)
rPois   .            (helmet restricted)
rElec   +            (no cloak)
rCorr   +            (no gloves)
SInv    +            (no boots)
Will    ++...        (no amulet)
Stlth   ++           q - +4 ring of slaying
HPRegen 1.30/turn    g - ring of see invisible
MPRegen 0.10/turn

%: no passive effects
@: mighty, strong-willed, regenerating
A: spit acid, AC +6, unfitting armour, cold-blooded, acid resistance
a: Breathe Acid, Renounce Religion, Berserk, Trog's Hand


You were on level 7 of the Dungeon.
You worshipped Trog.
Trog was most pleased with you.
You visited 1 branch of the dungeon, and saw 5 of its levels.

You collected 174 gold pieces.

Inventory:

Hand Weapons
 a - a +1 falchion (weapon)
 r - a +0 long sword
Missiles
 h - 4 silver boomerangs (quivered)
Armour
 f - the +0 buckler of Wisdom (worn) {rElec Dex+3}
   (You acquired it on level 3 of the Dungeon)

   Dex:       It affects your dexterity (+3).
   rElec:     It insulates you from electricity.
Jewellery
 g - a ring of see invisible (right hand)
 q - a +4 ring of slaying (left hand)
Wands
 k - a wand of charming (8)
Scrolls
 b - a scroll of enchant weapon
 c - 2 scrolls of identify
 i - 2 scrolls of magic mapping {unknown}
 j - a scroll of amnesia {unknown}
Potions
 d - a potion of degeneration
 e - 2 potions of lignification
 l - 2 potions of heal wounds {unknown}
 m - a potion of curing {unknown}
 n - a potion of might
 o - a potion of haste {unknown}
 p - a potion of attraction {unknown}


   Skills:
 + Level 5.3 Fighting
 + Level 6.7 Long Blades
 + Level 4.8 Dodging
 + Level 1.3 Stealth
 + Level 0.9 Shields


You had 6 spell levels left.
You didn't know any spells.
Your spell library was empty.

Dungeon Overview and Level Annotations

Branches:
Dungeon (4/15)             Temple (0/1) D:4

Altars:
Gozag
Wu Jian

Shops:
D:1 [


Innate Abilities, Weirdness & Mutations

You can spit globs of acid.
Your golden yellow scales are hard. (AC +6)
You cannot fit into any form of body armour.
You are cold-blooded and may be slowed by cold attacks.
You are resistant to acid. (rCorr)


Message History

Found a flail.
You barely miss the orc priest. You tail-slap the orc priest.
The orc priest is lightly wounded.
The orc priest invokes the aid of Beogh against you.
Pain shoots through your body!
You barely miss the orc priest.
The orc priest is lightly wounded.
An orc warrior comes into view. It is wielding a +0 glaive.
You block the orc priest's attack.
You slash the orc priest!
The orc priest is severely wounded.
The orc priest invokes the aid of Beogh against you.
Beogh smites you!
You slash the orc priest!
You kill the orc priest!
Trog accepts your kill. The orc warrior barely misses you.
An orc priest comes into view. It is wielding a +0 mace.
The orc priest shouts!
You hear a shout! x2
The orc warrior hits you but does no damage.
You see here a +0 club.
You hit the orc warrior.
The orc warrior is lightly wounded.
The orc warrior hits you with a +0 glaive!!
An orc comes into view. It is wielding a +0 whip.
The orc warrior barely misses you.
Your skin crawls.
You feel strong-willed.
The orc warrior hits you from afar with a +0 glaive!
* * * LOW HITPOINT WARNING * * *
An orc comes into view. It is wielding a +0 short sword.
You hit the orc.
The orc is almost dead.
The orc warrior hits you from afar with a +0 glaive!
* * * LOW HITPOINT WARNING * * *
The orc hits you but does no damage.
It was a potion of might.
You feel very mighty all of a sudden.
The orc warrior hits you from afar with a +0 glaive!
You die...

#.######.....#######
#.####
#...#........o..#.)#
#.#...
#.......#####o.....#
#.#... #......#.#
#.###).#######.#.##
######...# #.
#o..........#...
##### #.
#o############## #.
#.# # #o##o# #
#.@..# ######


You could see an orc warrior and an orc.

Vanquished Creatures
  A black bear (D:4)
  A phantom (D:4)
  Blork the orc (D:4)
  A gnoll sergeant (D:3)
  4 wights (D:7)
  An orc priest (D:7)
  Natasha (D:3)
  An iguana (D:3)
  A sleepcap (D:4)
  2 orc wizards
  11 gnolls (D:3)
  An adder (D:2)
  A worm (D:4)
  3 dart slugs
  5 orcs
  8 ball pythons
  4 bats
  8 endoplasms
  2 giant cockroaches
  6 goblins
  5 hobgoblins
  4 quokkas
  3 frilled lizards
  10 kobolds
  4 rats
89 creatures vanquished.

Notes
Turn   | Place    | Note
-------+----------+-------------------------------------------
     0 | D:1      | boopmooplesden the Draconian Berserker began the quest for
                  | the Orb.
     0 | D:1      | Reached XP level 1. HP: 19/19 MP: 1/1
    61 | D:1      | Reached XP level 2. HP: 26/26 MP: 2/2
    97 | D:1      | Found Viuhaudei's Antique Armour Shop.
   335 | D:1      | Reached XP level 3. HP: 33/33 MP: 3/3
   642 | D:2      | Reached ** piety under Trog
  1009 | D:3      | Reached XP level 4. HP: 40/40 MP: 4/4
  1013 | D:3      | Reached skill level 4 in Long Blades
  1039 | D:3      | Found an opulent altar of Gozag.
  1122 | D:3      | Reached XP level 5. HP: 26/46 MP: 5/5
  1271 | D:3      | Found an ornate altar of the Wu Jian Council.
  1517 | D:3      | Reached skill level 5 in Long Blades
  1525 | D:3      | Reached XP level 6. HP: 48/53 MP: 6/6
  1758 | D:3      | Noticed Natasha
  1770 | D:3      | Killed Natasha
  1899 | D:3      | Identified a scroll of acquirement
  1899 | D:3      | Acquired the +0 buckler of Wisdom {rElec Dex+3}
  2004 | D:4      | Reached *** piety under Trog
  2022 | D:4      | Reached skill level 1 in Stealth
  2030 | D:4      | Your scales start taking on a golden yellow colour.
  2030 | D:4      | Reached XP level 7. HP: 42/60 MP: 7/7
  2030 | D:4      | Gained mutation: You are resistant to acid. (rCorr) [Yellow
                  | Draconian growth]
  2127 | D:4      | Noticed Blork the orc
  2136 | D:4      | Killed Blork the orc
  2137 | D:4      | Reached skill level 5 in Fighting
  2137 | D:4      | Reached skill level 6 in Long Blades
  2240 | D:4      | Found a staircase to the Ecumenical Temple.
  2244 | D:4      | You fall into a shaft and drop 3 floors!
  2397 | D:7      | Mangled by an orc warrior

Illustrated notes

Levels and vault maps discovered:
D:1:      dpeg_arrival_stone_temple_mockup, layout_basic, serial_shops, shop
D:2:      kennysheep_the_goblin_king, layout_basic, kennysheep_flooded_box,
          st_stairs_4, minmay_misc_feat_hallway, minmay_pentomino_w2
D:3:      layout_basic, grunt_gozag_statues, lemuel_round_altar,
          grunt_decor_arrowhead, uniq_natasha
D:4:      layout_basic, trog_hazing_becter, minmay_temple_entry_glassed_door,
          serial_shops, nicolae_shop_behind_doors, minmay_crossroads,
          uniq_blork_the_orc
D:7:      layout_basic, hangedman_ru_absence

Skill      XL: |  1  2  3  4  5  6  7 |
---------------+----------------------+-----
Dodging        | 3 4 |  4.8
Fighting       | 4 5 |  5.3
Long Blades    | 4 5 6 |  6.7
Stealth        | 1 |  1.3
Shields        | |  0.9

Action                     |  1- 3 |  4- 6 |  7- 9 || total
---------------------------+-------+-------+-------++-------
  Melee: Falchion          |   113 |   126 |    33 ||   272
         Tailslap          |    11 |    15 |     8 ||    34
         Punch             |       |     2 |       ||     2
 Invoke: Berserk           |     4 |     4 |     1 ||     9
         Trog's Hand       |       |     1 |     1 ||     2
Ability: Breathe Acid      |       |       |     1 ||     1
    Use: Scroll            |     3 |     1 |       ||     4
         Potion            |       |       |     1 ||     1
 Armour: Skin              |    57 |    36 |     5 ||    98
  Dodge: Dodged            |    97 |   102 |    13 ||   212
  Block: Buckler           |       |     9 |     6 ||    15
